 Dungeon Crawl Stone Soup version 0.18.1-1-g2f07953 (webtiles) character file.

149 lightmor the Chopper (level 5, -5/67 HPs)
             Began as a Minotaur Berserker on May 7, 2016.
             Was a Believer of Trog.
             Killed by divine providence
             ... invoked by an orc priest
              (12 damage)
             ... on level 3 of the Dungeon.
             The game lasted 00:03:32 (2811 turns).

lightmor the Chopper (Minotaur Berserker)           Turns: 2811, Time: 00:03:33

Health: -5/67      AC:  3    Str: 27    XL:     5   Next: 9%
Magic:  4/4        EV: 12    Int:  4    God:    Trog [**....]
Gold:   193        SH:  0    Dex: 10    Spells: 0 memorised, 4 levels left

rFire  . . .     SeeInvis .     a - +0 hand axe
rCold  . . .     Gourm    .     b - +0 animal skin
rNeg   . . .     Faith    .     (no shield)
rPois  .         Spirit   .     (helmet restricted)
rElec  .         Dismiss  .     (no cloak)
rCorr  .         Reflect  .     (no gloves)
SustAt .         Harm     .     l - +0 pair of boots
MR     .....                    (no amulet)
Stlth  ..........               (no ring)
                                (no ring)

@: berserking, very quick, not resistant to hostile enchantments, extremely
unstealthy
A: retaliatory headbutt, horns 2
a: Berserk, Trog's Hand, Burn Spellbooks, Renounce Religion


You were on level 3 of the Dungeon.
You worshipped Trog.
Trog was pleased with you.
You were not hungry.

You visited 1 branch of the dungeon, and saw 3 of its levels.

You collected 193 gold pieces.

Inventory:

Hand Weapons
 a - a +0 hand axe (weapon)
Armour
 b - a +0 animal skin (worn)
 l - a +0 pair of boots (worn)
Scrolls
 d - a scroll of fog {unknown}
 f - 2 scrolls of enchant armour {unknown}
 h - 2 scrolls of remove curse {unknown}
 j - 2 scrolls of teleportation {unknown}
 k - 5 scrolls of identify {unknown}
 m - 3 scrolls of blinking {unknown}
 r - a scroll of amnesia {unknown}
 v - a scroll of fear {unknown}
Potions
 e - a potion of brilliance {unknown}
 i - a potion of berserk rage {unknown}
 n - a potion of heal wounds {unknown}
 o - 2 potions of magic {unknown}
 t - a potion of agility {unknown}
 u - a potion of invisibility {unknown}
Comestibles
 c - 3 bread rations
 g - 2 slices of pizza
 p - 3 meat rations
 q - 2 chunks of flesh
 s - a royal jelly


   Skills:
 - Level 3.6 Fighting
 + Level 7.0 Axes
 - Level 2.4 Armour
 - Level 2.1 Dodging


You had 4 spell levels left.
You didn't know any spells.

Dungeon Overview and Level Annotations

Branches:
Dungeon (3/15)

Altars:
Vehumet
Xom


Innate Abilities, Weirdness & Mutations

You reflexively headbutt those who attack you in melee.
You have a pair of horns on your head.


Message History

The orc priest is moderately wounded.
The orc priest invokes the aid of Beogh against you.
Beogh smites you!
* * * LOW HITPOINT WARNING * * *
You are too injured to fight recklessly!
You are too injured to fight recklessly!
You are too injured to fight recklessly!
You are too injured to fight recklessly!
You are too injured to fight recklessly!
You are too injured to fight recklessly!
You are too injured to fight recklessly!
You are too injured to fight recklessly!
You are too injured to fight recklessly!
You are too injured to fight recklessly!
A red film seems to cover your vision as you go berserk!
You feel yourself moving faster!
You feel mighty!
You feel somewhat more hungry.
The orc priest invokes the aid of Beogh against you.
Beogh smites you!
You die...

#.# #.# #..
#.# ##. #.#
.# #####
#.# .#
#...#####.#
.#
#.........#
#...#######
#.####.##
#..o@..#
########


You could see an orc priest.

Vanquished Creatures
  Natasha (thrice) (D:2)
  An adder (D:2)
  A worm (D:2)
  3 dart slugs (D:1)
  2 giant geckos
  2 orcs (D:3)
  6 giant cockroaches
  5 goblins
  7 hobgoblins
  6 kobolds
  6 bats
  6 giant newts
  7 rats
55 creatures vanquished.

Notes
Turn   | Place    | Note
--------------------------------------------------------------
     0 | D:1      | lightmor the Minotaur Berserker began the quest for the Orb.
     0 | D:1      | Reached XP level 1. HP: 19/19 MP: 0/0
    77 | D:1      | Reached skill level 4 in Axes
   326 | D:1      | Reached XP level 2. HP: 4/26 MP: 1/1
   961 | D:1      | Reached skill level 5 in Axes
  1043 | D:1      | Reached XP level 3. HP: 16/31 MP: 2/2
  1052 | D:1      | Reached ** piety under Trog
  1514 | D:2      | Found a faded altar to an unknown god.
  1727 | D:2      | Noticed Natasha
  1729 | D:2      | Killed Natasha
  1729 | D:2      | Reached skill level 6 in Axes
  1729 | D:2      | Reached XP level 4. HP: 39/39 MP: 3/3
  1798 | D:2      | Noticed Natasha
  1807 | D:2      | Killed Natasha
  2197 | D:2      | Noticed Natasha
  2201 | D:2      | Killed Natasha
  2495 | D:3      | Reached XP level 5. HP: 45/45 MP: 4/4
  2633 | D:3      | Reached skill level 7 in Axes
  2668 | D:3      | Found a radiant altar of Vehumet.
  2709 | D:3      | Found a shimmering altar of Xom.
  2811 | D:3      | Killed from afar by an orc priest

Skill      XL: |  1  2  3  4  5 |
---------------+----------------+-----
Axes           | 4 5 6 7 |  7.0
Fighting       | |  3.6
Armour         | |  2.4
Dodging        | |  2.1

Action                   |  1- 3 |  4- 6 || total
-------------------------+-------+-------++-------
Melee: Hand axe          |    90 |    41 ||   131
       Headbutt          |    12 |     5 ||    17
Invok: Berserk           |     1 |     1 ||     2
  Eat: Chunk             |     3 |     4 ||     7
Armor: Animal skin       |    17 |     2 ||    19
Dodge: Dodged            |    44 |    22 ||    66
